Match 45797266
Unlisted

Match 45797266
End
Selects Australian Defense Battlegroup
Selects Australian Light Infantry Section
Australian Light Infantry Section
Australian Light Infantry Section
Construct Section Command Post
Infantry Section
Construct Field Infirmary
Infantry Section
Infantry Section
Construct Platoon Command Post
Infantry Section
Humber Armored Car
Infantry Section
Royal Engineer Section
Selects 2-pounder Anti-tank Gun Team
Selects Vehicle Over Repair
Construct Company Command Post
Selects CMP 15cwt Supply Run
Selects Reinforced Resource Caches
Unlock M3 Grant Medium Tanks
Vickers Machine Gun Team
M3 Grant Medium Tank
Royal Engineer Section
Armored Vehicle Training
Selects Archer Tank Destroyer
Archer Tank Destroyer
M3 Grant Medium Tank
Infantry Training
Australian Light Infantry Section
Archer Tank Destroyer
Shinshigumi
Fernando87ca
0
0

Comments sign in to comment!

No comments posted yet!